AoeStats
← yyassir.adamo17

Black Forest

506492267Analyzed
2v2 RM · 19d ago on Sep 13, 2026· 47m 56s· 4 players
Game mode
Random Map
Map size
Medium (4 player)
Population
200
Speed
Normal
Resources
Standard
Victory
Conquest
Starting age
Dark Age
Ending age
Imperial Age
RankedLock teamsTeams togetherTeam positionsShared explorationLock speedFull tech treeHidden civsTurbo modeCheats
Victory
Defeat
🇦🇹 Vikings · Austria
991
+15
🇵🇱 Teutons · Poland
953
+16
🇲🇿 Persians · Mozambique
983
-16
🇲🇿 Huns · Mozambique
950
-32
yyassir.adamo17
12:42 Feudal Age
10:59 Loom
15:20 Double-Bit Axe
20:30 Castle Age
20:22 Stone Mining
22:09 Fletching
22:32 Forging
41:53 Ballistics
41:29 Murder Holes
45:26 Thumb Ring
Black_Bird
0:33 Loom
12:56 Feudal Age
14:22 Wheelbarrow
17:42 Castle Age
16:10 Gold Mining
16:08 Double-Bit Axe
16:27 Horse Collar
17:09 Stone Mining
20:06 Heavy Plow
25:11 Bow Saw
29:58 Bloodlines
29:49 Husbandry
37:31 Imperial Age
35:36 Scale Barding Armor
35:32 Scale Mail Armor
35:43 Forging
36:35 Kamandaran
37:26 Gold Shaft Mining
37:31 Fletching
37:42 Padded Archer Armor
38:24 Citadels
37:59 Crossbowman
39:51 Thumb Ring
40:29 Elite War Elephant
.TwM
1:39 Loom
12:55 Feudal Age
14:27 Wheelbarrow
15:06 Double-Bit Axe
18:14 Castle Age
16:15 Fishing Lines
16:49 Town Watch
17:09 Horse Collar
17:26 Gold Mining
19:16 Bow Saw
19:13 Gillnets
21:02 Squires
21:17 Forging
21:10 Scale Mail Armor
21:26 Heavy Plow
21:35 Stone Mining
23:39 Pikeman
25:57 Hand Cart
27:06 Stone Shaft Mining
27:37 Town Patrol
29:43 Iron Casting
29:33 Ballistics
33:47 Imperial Age
32:15 Chain Mail Armor
31:52 Fletching
32:07 Scale Barding Armor
32:52 Ironclad
33:28 Bodkin Arrow
33:33 Padded Archer Armor
35:02 Crop Rotation
35:35 Two-Man Saw
34:04 Halberdier
35:47 Blast Furnace
36:12 Chemistry
36:10 Conscription
37:00 Crenellations
39:14 Plate Mail Armor
39:00 Leather Archer Armor
39:05 Chain Barding Armor
38:38 Capped Ram
40:45 Bombard Tower
41:21 Cavalier
42:39 Plate Barding Armor
43:57 Elite Teutonic Knight
max-on-war
0:48 Loom
13:25 Feudal Age
19:24 Castle Age
18:30 Double-Bit Axe
20:04 Gold Mining
20:25 Fletching
20:01 Crossbowman
20:38 Horse Collar
22:23 Bodkin Arrow
27:23 Gold Shaft Mining
32:41 Pikeman
36:16 Imperial Age
36:35 Scale Mail Armor
37:53 Bracer
38:36 Forging
37:49 Arbalester
39:23 Ballistics
39:46 Chain Mail Armor
43:34 Padded Archer Armor
43:18 Capped Ram
44:45 Plate Mail Armor
44:35 Leather Archer Armor
45:26 Chemistry
44:18 Siege Ram
Connection lost

Rejoining the realm…

Still unreachable

The connection could not be restored.

Session expired

The server has moved on; the page needs a fresh start.